Unix NetHack Version 5.0.0-0 post-release - last build Jun 10 2026 00:39:30 (3ee93aec679c4c4259841fe613dc97188e26a321,branch:main).

Game began 2026-06-27 15:18:23, ended 2026-06-27 15:39:15.

DiePARTEI, neutral male human Tourist

                                       -----
                                        ...
                                   ------.------
                                   |(((.-.+....|
                                   |((!.|.|....|
                                   |(.(.|[|....|
                        | ------+--------.-----------
                        |.............{....|....|%(%|
                        | ----  ----.......|.._.|%!%|
                                   |.......|....|%!%|
                                   |......{|....|...|   |
                        | -+--  --+-.......---|---)-- ..|
                        |.....................)%..).....|
                        + ----  ----.....r.@.)--|---- ..|
                                |..|....@r..r.|..|      |
                                |..-.....r....|..|
                                ------------------

DiePARTEI the Excursionist  St:9 Dx:11 Co:18 In:13 Wi:8 Ch:17  Neutral
Dlvl:5  $:592 HP:0(57) Pw:18(18) AC:4  Xp:6 T:1687  Hungry   Burdened

Latest messages:
 You avoid harm.
 The sewer rat bites!
 The sewer rat bites!
 The wererat misses!
 What do you want to drink? [PW or ?*] W
 You feel better.
 The sewer rat misses!
 The sewer rat bites!
 The wererat bites!
 The sewer rat misses!
 The sewer rat bites!
 In what direction? 9
 You throw 2 darts.
 The 1st dart hits the sewer rat.
 You kill the sewer rat!
 In what direction? 9
 You throw 2 darts.
 The 1st dart hits the wererat.
 The 2nd dart hits the wererat.
 The wererat bites!
 In what direction? 9
 The dart misses the wererat.
 The wererat bites!
 The wererat misses!
 In what direction? 9
 You throw 2 darts.
 The 1st dart misses the wererat.
 The 2nd dart hits the wererat.
 The wererat bites!
 In what direction? 9
 The dart hits the wererat.
 The wererat bites!
 In what direction? 9
 The dart misses the wererat.
 The wererat bites!
 The wererat bites!
 In what direction? 9
 You throw 2 darts.
 The 1st dart hits the wererat.
 The 2nd dart hits the wererat.
 The wererat just misses!
 The wererat misses!
 The sewer rat misses!
 The wererat bites!
 You die...
 Do you want your possessions identified? [ynq] (y) y
 Do you want to see your attributes? [ynq] (y) y
 Do you want an account of creatures vanquished? [ynaq] (y) y
 Do you want to see your conduct and achievements? [ynq] (y) y
 Do you want to see the dungeon overview? [ynq] (y) y

Inventory:
 Coins    ('$')
  $ - 592 gold pieces
 Amulets  ('"')
  v - a cursed amulet of restful sleep
 Weapons  (')')
  B - a blessed +2 dart
  Z - a blessed +1 dart
  a - 3 +2 darts
  A - 13 +0 darts (at the ready)
  h - 8 cursed -1 darts
  E - 4 blessed +1 daggers
  O - a blessed +0 dagger
  D - a +0 elven dagger
  t - a +0 orcish dagger
 Armor    ('[')
  F - an uncursed +0 dwarvish iron helm (being worn)
  G - a cursed +0 pair of iron shoes (being worn)
  L - an uncursed +0 shield of shock resistance
  K - an uncursed +0 robe (being worn)
  j - an uncursed +0 Hawaiian shirt with a bird of paradise motif (being worn)
 Comestibles  ('%')
  g - an uncursed slime mold
  b - 9 uncursed food rations
  d - an uncursed melon
  e - an uncursed orange
  c - an uncursed sprig of wolfsbane
  f - 2 uncursed tripe rations
 Scrolls  ('?')
  z - a blessed scroll of charging
  s - an uncursed scroll of enchant weapon
  S - an uncursed scroll of food detection
  w - an uncursed scroll of genocide
  u - an uncursed scroll of gold detection
  i - 4 uncursed scrolls of magic mapping
 Spellbooks  ('+')
  Q - an uncursed spellbook of jumping
 Potions  ('!')
  P - an uncursed potion of hallucination
 Wands    ('/')
  U - a wand of digging (0:4)
 Tools    ('(')
  V - an empty uncursed sack
  l - an uncursed credit card
  k - an expensive camera named poisres (0:65)
  n - a cursed magic lamp
  N - an uncursed skeleton key
  R - 3 uncursed tallow candles named 1
  q - an uncursed tin whistle
  C - a tinning kit (0:35)
 Gems/Stones  ('*')
  Y - 2 uncursed jasper stones
  p - 2 uncursed worthless pieces of blue glass
  M - an uncursed worthless piece of green glass
  X - an uncursed worthless piece of orange glass
  m - a cursed worthless piece of orange glass
  J - 2 uncursed worthless pieces of yellow glass
  H - an uncursed worthless piece of yellowish brown glass

DiePARTEI the Tourist's attributes:

Background:
 You were an Excursionist, a level 6 male human Tourist.
 You were neutral, on a mission for The Lady
 who was opposed by Blind Io (lawful) and Offler (chaotic).
 You were right-handed.
 You were in the Gnomish Mines, on level 5.
 You entered the dungeon 1687 turns ago.
 You had 399 experience points, 241 more were needed to attain level 7.

Basics:
 You had 0 out of 57 hit points.
 You had all 18 energy points (spell power).
 Your armor class was 4.
 Your wallet contained 592 zorkmids.
 Autopickup was off.

Final Characteristics:
 Your strength was 9 (limit:18/100).
 Your dexterity was 11 (limit:18).
 Your constitution was 18 (limit:18).
 Your intelligence was 13 (limit:18).
 Your wisdom was 8 (limit:18).
 Your charisma was 17 (limit:18).

Final Status:
 You were hungry.
 You were burdened; movement was slightly slowed.
 You were bare handed.
 You were unskilled in bare handed combat.

Final Attributes:
 You were devoutly aligned.
 You were poison resistant.
 You were guarded.
 Your spell casting was enhanced by wearing a robe.
 You are dead.

Miscellaneous:
 You didn't encounter any bones levels.
 Total elapsed playing time was 20 minutes and 51 seconds.

Major events:
 Turn
    1: DiePARTEI the neutral male human Tourist entered the dungeon
  534: entered the Gnomish Mines
  564: attained the rank of Sightseer (level 3)
 1264: reached Mine Town
 1485: attained the rank of Excursionist (level 6)
 1687: killed by a wererat

Spells:
 Name                 Level Category     Fail Retention
 jumping                1   escape         0%  76%-100%

Skills:
 Fighting Skills
   bare handed combat [Unskilled]
   two weapon combat  [Unskilled]
   riding             [Unskilled]
 Weapon Skills
   dagger             [Unskilled]
   knife              [Unskilled]
   axe                [Unskilled]
   pick-axe           [Unskilled]
   short sword        [Unskilled]
   broadsword         [Unskilled]
   long sword         [Unskilled]
   two-handed sword   [Unskilled]
   saber              [Unskilled]
   mace               [Unskilled]
   morning star       [Unskilled]
   flail              [Unskilled]
   hammer             [Unskilled]
   quarterstaff       [Unskilled]
   polearms           [Unskilled]
   spear              [Unskilled]
   trident            [Unskilled]
   lance              [Unskilled]
   bow                [Unskilled]
   sling              [Unskilled]
   crossbow           [Unskilled]
   dart               [Skilled]
   shuriken           [Unskilled]
   boomerang          [Unskilled]
   whip               [Unskilled]
   unicorn horn       [Unskilled]
 Spellcasting Skills
   divination spells  [Unskilled]
   enchantment spells [Unskilled]
   escape spells      [Unskilled]

Voluntary challenges:
 Character rerolling was not enabled.
 You never hit with a wielded weapon.
 You never genocided any monsters.
 You never polymorphed an object.
 You never changed form.
 You used no wishes.
Achievements:
 You entered the Gnomish Mines.
 You attained the rank of Sightseer.
 You entered Minetown.
 You entered a shop.
 You entered a temple.
 You attained the rank of Excursionist.

 The Dungeons of Doom: levels 1 to 3
    Level 1:
    Level 2:
       A fountain.
       Stairs down to The Gnomish Mines.
    Level 3:
 The Gnomish Mines: levels 3 to 5
    Level 3:
    Level 4:
    Level 5: <- You were here.
       Some shops, a temple and an altar to The Lady, some fountains.
       Final resting place for
          you, killed by a wererat.


Vanquished creatures:
  a dingo
  5 gnome leaders
  2 gnomish wizards
  2 giant ants
  6 dwarves
  a kobold leader
  a giant bat
  2 iguanas
  a gas spore
  a hobbit
  a brown mold
  a green mold
 22 gnomes
  2 garter snakes
  3 jackals
  2 foxes
  a goblin
  3 sewer rats
  2 bats
  3 lichens
  2 kobold zombies
  2 newts
66 creatures vanquished.

No species were genocided or became extinct.

Game over:
                       ----------
                      /          \
                     /    REST    \
                    /      IN      \
                   /     PEACE      \
                  /                  \
                  |    DiePARTEI     |
                  |      592 Au      |
                  |   killed by a    |
                  |     wererat      |
                  |                  |
                  |                  |
                  |       2026       |
                 *|     *  *  *      | *
        _________)/\\_//(\/(/\)/\//\/|_)_______

Aloha DiePARTEI the Tourist...

You died in The Gnomish Mines on dungeon level 5 with 1924 points,
and 592 pieces of gold, after 1687 moves.
You were level 6 with a maximum of 57 hit points when you died.

